[Event "41st Amateur D7"]
[Site "ChessGUI4"]
[Date "2013.07.11"]
[Round "33.1"]
[White "Carballo 0.8"]
[Black "ChessKiss 1.7 64-bit"]
[Result "1-0"]
[BlackElo "2214"]
[ECO "C11"]
[EventDate "2013.??.??"]
[TimeControl "40/1500:40/1500:40/1500"]
[WhiteElo "2273"]

{ i5 Quad } 1.e4 e6 2.d4 d5 3.Nc3 Nf6 4.e5 Nfd7 5.f4 c5 6.Nf3 Nc6 7.Be3 cxd4 8.Nxd4 Bc5 9.Qd2 O-O
{ [%eval 2,12] [%emt 0:00:53] (Bxd4) } 10.Be2
{ [%eval -16,13] [%emt 0:00:36] (O-O-O) } 10...Ndxe5
{ [%eval 47,12] [%emt 0:00:41] (Nxd4) } 11.Nxc6
{ [%eval 5,15] [%emt 0:00:35] (Nxc6) } 11...Bxe3
{ [%eval 44,14] [%emt 0:00:40] (Bxe3) } 12.Nxd8
{ [%eval -6,15] [%emt 0:00:34] (Nxd8) } 12...Bxd2+
{ [%eval 52,15] [%emt 0:00:39] (Bxd2) } 13.Kxd2
{ [%eval -19,16] [%emt 0:00:33] (Kxd2) } 13...Nd7
{ [%eval 60,15] [%emt 0:00:39] (Nd7) } 14.Nxe6
{ [%eval -23,13] [%emt 0:00:32] (Nxe6) } 14...fxe6
{ [%eval 35,15] [%emt 0:00: 35] (fxe6) } 15.Rhf1
{ [%eval -17,13] [%emt 0:00:32] (Rhf1) } 15...Nf6
{ [%eval 45,14] [%emt 0:00:37] (a5) } 16.g4
{ [%eval -18,13] [%emt 0:00:31] (Rad1) } 16...Bd7
{ [%eval 78,13] [%emt 0:00:37] (a6) } 17.g5
{ [%eval -16,14] [%emt 0:00:30] (Bf3) } 17...Ne4+
{ [%eval 74,14] [%emt 0:00:33] (Ne8) } 18.Nxe4
{ [%eval 40,15] [%emt 0:00: 29] (Nxe4) } 18...dxe4
{ [%eval 56,13] [%emt 0:00:32] (dxe4) } 19.Ke3
{ [%eval 40,14] [%emt 0:00:29] (Ke3) } 19...Bc6
{ [%eval 27,12] [%emt 0:00:31] (Bc6) } 20.Rad1
{ [%eval 46,14] [%emt 0:00:28] (Bc4) } 20...Bd5
{ [%eval 29,13] [%emt 0:00:29] (Kf7) } 21.c4
{ [%eval 110,17] [%emt 0:00:27] (c3) } 21...Bc6
{ [%eval -69,15] [%emt 0:00:30] (Bc6) } 22.Bg4
{ [%eval 110,15] [%emt 0:00:26] (Bg4) } 22...Rfe8
{ [%eval -84,14] [%emt 0:00:30] (Rae8) } 23.Rd6
{ [%eval 129,16] [%emt 0:00:26] (Rd6) } 23...Kf7
{ [%eval -106,14] [%emt 0:00:28] (Kf7) } 24.f5
{ [%eval 168,15] [%emt 0:00:25] (f5) } 24...exf5
{ [%eval -183,14] [%emt 0:00:27] (exf5) } 25.Bxf5
{ [%eval 163,16] [%emt 0:00:24] (Bxf5) } 25...Kg8
{ [%eval -193,14] [%emt 0:00:29] (Kg8) } 26.Be6+
{ [%eval 167,16] [%emt 0:00:24] (Be6) } 26...Kh8
{ [%eval -202,15] [%emt 0:00:27] (Kh8) } 27.Bd7
{ [%eval 159,15] [%emt 0:00:23] (Bd7) } 27...Red8
{ [%eval -200,15] [%emt 0:00: 24] (Red8) } 28.Rfd1
{ [%eval 160,16] [%emt 0:00:23] (Rfd1) } 28...Bxd7
{ [%eval -206, 14] [%emt 0:00:24] (Rf8) } 29.Rxd7
{ [%eval 189,14] [%emt 0:00:22] (Rxd7) } 29...Rxd7
{ [%eval -249,15] [%emt 0:00:24] (Rf8) } 30.Rxd7
{ [%eval 184,16] [%emt 0:00:21] (Rxd7) } 30...Rb8
{ [%eval -249,16] [%emt 0:00:23] (b6) } 31.Kxe4
{ [%eval 206,16] [%emt 0:00:21] (Kxe4) } 31...h6
{ [%eval -299,16] [%emt 0:00:23] (Kg8) } 32.gxh6
{ [%eval 219,15] [%emt 0:00:20] (gxh6) } 32...gxh6
{ [%eval -451,16] [%emt 0:00:21] (gxh6) } 33.Kd5
{ [%eval 223,15] [%emt 0:00:20] (c5) } 33...h5
{ [%eval -474,16] [%emt 0:00:20] (a5) } 34.b4
{ [%eval 256,17] [%emt 0:00:19] (c5) } 34...a6
{ [%eval -512,16] [%emt 0:00:21] (a6) } 35.Kd6
{ [%eval 265,16] [%emt 0:00:19] (c5) } 35...Rg8
{ [%eval -515,15] [%emt 0:00:19] (a5) } 36.Rxb7
{ [%eval 333,14] [%emt 0:00:18] (Rxb7) } 36...Rg6+
{ [%eval -512,14] [%emt 0:00:20] (Rg6) } 37.Ke5
{ [%eval 311,14] [%emt 0:00: 18] (Kc5) } 37...Rg2
{ [%eval -591,15] [%emt 0:00:18] (Rg2) } 38.c5
{ [%eval 330,14] [%emt 0:00:17] (c5) } 38...Rc2
{ [%eval -622,14] [%emt 0:00:18] (Rc2) } 39.Kd4
{ [%eval 328,13] [%emt 0:00:17] (a4) } 39...h4
{ [%eval -569,14] [%emt 0:00:17] (Kg8) } 40.h3
{ [%eval 358,15] [%emt 0:00:17] (h3) } 40...Kg8
{ [%eval -616,14] [%emt 0:00:17] (Kg8) } 41.Ra7
{ [%eval 431,16] [%emt 0:00:54] (a4) } 41...Rd2+
{ [%eval -634,15] [%emt 0:00:59] (Rd2) } 42.Kc3
{ [%eval 456,17] [%emt 0:00:52] (Kc4) } 42...Rh2
{ [%eval -818,16] [%emt 0:00:57] (Rd1) } 43.c6
{ [%eval 603,17] [%emt 0:00:51] (c6) } 43...Rxh3+
{ [%eval -1141,17] [%emt 0:00:55] (Rxh3) } 44.Kd4
{ [%eval 714,17] [%emt 0:00:50] (Kd4) } 44...Rh1
{ [%eval -1263,17] [%emt 0:00:54] (Rh1) } 45.c7
{ [%eval 696,16] [%emt 0:00:48] (c7) } 45...Rc1
{ [%eval -1387,16] [%emt 0:00:53] (Rd1) } 46.Ra8+
{ [%eval 876,17] [%emt 0:00:47] (Ra8) } 1-0

[Event "41st Amateur D7"]
[Site "ChessGUI4"]
[Date "2013.07.11"]
[Round "33.2"]
[White "FireFly 2.6.0 64-bit"]
[Black "Shallow 1.0 64-bit"]
[Result "0-1"]
[BlackElo "2200"]
[ECO "A04"]
[EventDate "2013.??.??"]
[TimeControl "40/1500:40/1500:40/1500"]
[WhiteElo "2258"]

{ i5 Quad } 1.Nf3 b6 2.g3 Bb7 3.Bg2 e5 4.c4 g6 5.d4 exd4 6.Qxd4 Nf6 7.Nc3 Bg7 8.O-O Nc6 9.Qe3+ Ne7 { [%eval -5,14] [%emt 0:00: 42] (Ne7) } 10.Qd3
{ [%eval 62,11] [%emt 0:00:56] (c5) } 10...d6 11.Re1
{ [%eval 60,11] [%emt 0:00:56] (Bg5) } 11...Qd7
{ [%eval -3,12] [%emt 0:00:42] (O-O) } 12.e4
{ [%eval 69,11] [%emt 0:00:55] (e4) } 12...O-O
{ [%eval -5,13] [%emt 0:00:42] (O-O-O) } 13.e5
{ [%eval 74,12] [%emt 0:00:54] (e5) } 13...dxe5
{ [%eval -7,14] [%emt 0:00:42] (dxe5) } 14.Nxe5
{ [%eval 60,13] [%emt 0:00:53] (Nxe5) } 14...Qc8
{ [%eval -7,13] [%emt 0:00:42] (Qxd3) } 15.Bxb7
{ [%eval 70,12] [%emt 0:00:52] (Bf4) } 15...Qxb7
{ [%eval -13,13] [%emt 0:00:42] (Qxb7) } 16.Bf4
{ [%eval 63,11] [%emt 0:00:43] (Bg5) } 16...Nf5
{ [%eval -10,12] [%emt 0:00:42] (Rfe8) } 17.Bg5
{ [%eval 51,11] [%emt 0:00:42] (Bg5) } 17...Rfe8
{ [%eval -4,12] [%emt 0:00:42] (Rfe8) } 18.Rad1
{ [%eval 46,10] [%emt 0:00:42] (Rad1) } 18...Re6
{ [%eval 1,12] [%emt 0:00:42] (h6) } 19.Bxf6
{ [%eval 32,11] [%emt 0:00:42] (Bxf6) } 19...Bxf6
{ [%eval 3, 13] [%emt 0:00:42] (Bxf6) } 20.f4
{ [%eval 17,11] [%emt 0:00:41] (Ng4) } 20...Rae8
{ [%eval 16,12] [%emt 0:00:42] (Rae8) } 21.Ne4
{ [%eval 22,11] [%emt 0:00:41] (Ne4) } 21...Bg7
{ [%eval 23,12] [%emt 0:00:42] (Bg7) } 22.Qb3
{ [%eval 4,10] [%emt 0: 00:41] (Qb3) } 22...Nd6
{ [%eval 22,12] [%emt 0:00:42] (R6e7) } 23.Ng5
{ [%eval 8,11] [%emt 0:00:40] (Ng5) } 23...R6e7
{ [%eval 22,12] [%emt 0:00:42] (R6e7) } 24.Ngf3
{ [%eval 0,11] [%emt 0:00:40] (Rd5) } 24...Qa8
{ [%eval 21,12] [%emt 0:00:42] (Bxe5) } 25.Rd3
{ [%eval -5,10] [%emt 0:00:39] (Re3) } 25...Ne4
{ [%eval 24,12] [%emt 0:00:42] (Nb7) } 26.Rde3
{ [%eval -2,12] [%emt 0:00:39] (Rde3) } 26...Nc5
{ [%eval 20,13] [%emt 0:00:42] (Nc5) } 27.Qd1
{ [%eval -8,12] [%emt 0:00:38] (Qd1) } 27...a5
{ [%eval 15,13] [%emt 0:00:42] (f6) } 28.Nd4
{ [%eval 14,11] [%emt 0:00:38] (a3) } 28...Rd8
{ [%eval 24,12] [%emt 0:00:42] (f6) } 29.Qf3
{ [%eval -12,12] [%emt 0:00:37] (R1e2) } 29...Qxf3
{ [%eval 23,14] [%emt 0:00:42] (Qxf3) } 30.Ndxf3
{ [%eval -4,12] [%emt 0:00:37] (Ndxf3) } 30...f6
{ [%eval 21,15] [%emt 0:00:42] (Rd6) } 31.Nc6
{ [%eval -11,12] [%emt 0:00:36] (Nc6) } 31...Rxe3
{ [%eval 19,15] [%emt 0:00:42] (Rxe3) } 32.Rxe3
{ [%eval -5, 12] [%emt 0:00:29] (Rxe3) } 32...Rd1+
{ [%eval 18,14] [%emt 0:00:42] (Rd1) } 33.Re1
{ [%eval -18,12] [%emt 0:00:29] (Re1) } 33...Rxe1+
{ [%eval 19,15] [%emt 0:00:42] (Rxe1) } 34.Nxe1
{ [%eval 1,12] [%emt 0:00:29] (Nxe1) } 34...f5
{ [%eval 19,15] [%emt 0:00: 42] (Kf7) } 35.b3
{ [%eval -18,14] [%emt 0:00:29] (b3) } 35...Kf7
{ [%eval 19,15] [%emt 0:00:42] (a4) } 36.Nf3
{ [%eval -11,13] [%emt 0:00:29] (Nf3) } 36...Ke6
{ [%eval 17,14] [%emt 0:00:42] (Ke6) } 37.Kg2
{ [%eval -26,12] [%emt 0:00:29] (Kf2) } 37...Nd3
{ [%eval 26,14] [%emt 0:00:42] (Nd3) } 38.Ng5+
{ [%eval -35,12] [%emt 0:00:29] (Ncd4) } 38...Kd6
{ [%eval 38,15] [%emt 0:00:42] (Kd6) } 39.Na7
{ [%eval -110, 13] [%emt 0:00:29] (Na7) } 39...c6
{ [%eval 75,14] [%emt 0:00:56] (Nc1) } 40.Nc8+
{ [%eval -98,12] [%emt 0:00:29] (a3) } 40...Kc7
{ [%eval 109,16] [%emt 0:00:39] (Kc7) } 41.Ne6+
{ [%eval -177,14] [%emt 0:00:36] (Ne6) } 41...Kxc8
{ [%eval 134,17] [%emt 0: 00:37] (Kxc8) } 42.Nxg7
{ [%eval -312,16] [%emt 0:00:36] (Nxg7) } 42...Kd7
{ [%eval 196,17] [%emt 0:00:37] (Kd7) } 43.h4
{ [%eval -339,16] [%emt 0:00:36] (g4) } 43...Nc1
{ [%eval 218,16] [%emt 0:00:37] (h5) } 44.a4
{ [%eval -351,16] [%emt 0:00:36] (Kf3) } 44...Nxb3
{ [%eval 240,16] [%emt 0:00:37] (h5) } 45.h5
{ [%eval -473,17] [%emt 0:00:36] (g4) } 45...Nc5
{ [%eval 261,17] [%emt 0:00:37] (b5) } 46.g4
{ [%eval -420,17] [%emt 0:00:36] (Kf3) } 46...fxg4
{ [%eval 288,17] [%emt 0:00:37] (fxg4) } 47.f5
{ [%eval -496,17] [%emt 0:00:36] (f5) } 47...gxf5
{ [%eval 312,18] [%emt 0:00:37] (gxf5) } 48.Nxf5
{ [%eval -505,17] [%emt 0:00:36] (Nxf5) } 48...Nxa4
{ [%eval 308,17] [%emt 0:00:37] (Nxa4) } 49.Ne3
{ [%eval -584,16] [%emt 0:00:36] (Kg3) } 49...Nb2
{ [%eval 336,17] [%emt 0:00:37] (Nc3) } 50.Kg3
{ [%eval -508,17] [%emt 0:00:36] (Kg3) } 50...a4
{ [%eval 339,17] [%emt 0:00:37] (Ke6) } 51.Kxg4
{ [%eval -546,17] [%emt 0:00:36] (Kxg4) } 51...a3
{ [%eval 377,16] [%emt 0:00:37] (a3) } 52.c5
{ [%eval -674,17] [%emt 0:00:36] (Nc2) } 52...b5
{ [%eval 460,15] [%emt 0:00:37] (a2) } 53.Nc2
{ [%eval -713, 17] [%emt 0:00:36] (Nc2) } 53...a2
{ [%eval 463,13] [%emt 0:00:37] (a2) } 54.Kf3
{ [%eval -765,18] [%emt 0:00:36] (Kf4) } 54...Nd3
{ [%eval 475,15] [%emt 0:00:37] (Nd3) } 55.Ke3
{ [%eval -765,18] [%emt 0:00:36] (Ke4) } 55...Nxc5
{ [%eval 475,16] [%emt 0:00: 37] (Nxc5) } 56.Kd4
{ [%eval -783,17] [%emt 0:00:36] (Kd4) } 56...Ne6+
{ [%eval 475,16] [%emt 0:00:37] (Nb3) } 57.Kc3
{ [%eval -641,16] [%emt 0:00:36] (Kc3) } 57...Ng7
{ [%eval 475,16] [%emt 0:00:37] (Nf4) } 0-1

[Event "41st Amateur D7"]
[Site "ChessGUI4"]
[Date "2013.07.11"]
[Round "33.3"]
[White "Tigran 2.3 64-bit"]
[Black "MadChess 1.2"]
[Result "1-0"]
[BlackElo "2200"]
[ECO "A25"]
[EventDate "2013.??.??"]
[TimeControl "40/1500:40/1500:40/1500"]
[WhiteElo "2289"]

{ i5 Quad } 1.c4 e5 2.g3 Nc6 3.Bg2 g6 4.Nc3 Bg7 5.Rb1 f5 6.b4 Nf6 7.b5 Ne7 8.Qb3 d6 9.d3 h6
{ [%eval -5,11] [%emt 0:00:35] (h6) } 10.Nf3
{ [%eval 25,13] [%emt 0:00:42] (Nf3) } 10...Be6
{ [%eval -7,11] [%emt 0: 00:24] (Be6) } 11.O-O
{ [%eval 22,13] [%emt 0:00:42] (O-O) } 11...O-O
{ [%eval -12,10] [%emt 0:00:20] (e8g8) } 12.e3
{ [%eval 27,12] [%emt 0:00:35] (h3) } 12...Rb8
{ [%eval 0,9] [%emt 0:00:27] (Nd7) } 13.Ba3
{ [%eval 31,12] [%emt 0:00:43] (Ba3) } 13...Nd7
{ [%eval 0,10] [%emt 0:00:46] (g5) } 14.d4
{ [%eval 35,12] [%emt 0:00:34] (Rfe1) } 14...Nb6
{ [%eval 19,11] [%emt 0:00:54] (e4) } 15.d5
{ [%eval 46,13] [%emt 0:00:43] (d5) } 15...Bf7
{ [%eval 32,11] [%emt 0:02:12] (Bf7) } 16.Rfd1
{ [%eval 36,13] [%emt 0: 00:44] (Nd2) } 16...Qd7
{ [%eval 17,10] [%emt 0:00:59] (Bf6) } 17.c5
{ [%eval 38,12] [%emt 0:00:36] (h3) } 17...dxc5
{ [%eval 42,11] [%emt 0:00:43] (dxc5) } 18.Bxc5
{ [%eval 31,12] [%emt 0:00:38] (Bxc5) } 18...e4
{ [%eval 26,10] [%emt 0:00:31] (e4) } 19.Nd4
{ [%eval -2,13] [%emt 0:00:45] (Nd4) } 19...Nbxd5
{ [%eval 33,10] [%emt 0:00:33] (Nexd5) } 20.Nxd5
{ [%eval 42,13] [%emt 0:00:45] (Nxd5) } 20...Bxd5
{ [%eval 27,10] [%emt 0:00:17] (Nxd5) } 21.Qa3
{ [%eval 34,13] [%emt 0:00:39] (Qa3) } 21...Bf6
{ [%eval -8,10] [%emt 0:00:19] (Bf6) } 22.Ne2
{ [%eval 27,13] [%emt 0:00:45] (Ne2) } 22...g5
{ [%eval 15,10] [%emt 0:00:22] (Rfd8) } 23.Nc3
{ [%eval 45,12] [%emt 0:00: 40] (Bxe7) } 23...Rfe8
{ [%eval 14,10] [%emt 0:00:19] (Rfe8) } 24.Bf1
{ [%eval 33,12] [%emt 0:00:47] (Bxe7) } 24...c6
{ [%eval 13,11] [%emt 0:00:55] (c6) } 25.Nxd5
{ [%eval 44,12] [%emt 0:00:46] (Nxd5) } 25...Nxd5
{ [%eval 8,11] [%emt 0:00:23] (cxd5) } 26.Qxa7
{ [%eval 108,13] [%emt 0:00:41] (Qxa7) } 26...Rbd8
{ [%eval -20,12] [%emt 0: 00:48] (Rbc8) } 27.Bc4
{ [%eval 118,13] [%emt 0:00:48] (Bc4) } 27...Qf7
{ [%eval -32, 12] [%emt 0:00:35] (Qf7) } 28.bxc6
{ [%eval 129,13] [%emt 0:00:48] (bxc6) } 28...bxc6
{ [%eval -54,12] [%emt 0:00:18] (bxc6) } 29.Qa6
{ [%eval 201,13] [%emt 0:00:48] (Qb7) } 29...Re6
{ [%eval -55,13] [%emt 0:00:48] (Rc8) } 30.Rb6
{ [%eval 214,14] [%emt 0:00:49] (Rb7) } 30...Qh5
{ [%eval -93,13] [%emt 0:00:42] (Nxb6) } 31.Rd2
{ [%eval 377, 12] [%emt 0:00:49] (Qa4) } 31...Bc3
{ [%eval -223,12] [%emt 0:00:26] (Bc3) } 32.Rxc6
{ [%eval 520,13] [%emt 0:00:50] (Rxc6) } 32...Rxc6
{ [%eval -435,12] [%emt 0:00:43] (Rxc6) } 33.Qxc6
{ [%eval 586,14] [%emt 0:00:50] (Qxc6) } 33...Bxd2
{ [%eval -472,14] [%emt 0:00:30] (Bxd2) } 34.Bxd5+
{ [%eval 601,15] [%emt 0:00:51] (Bxd5) } 34...Rxd5
{ [%eval -532,16] [%emt 0:00:50] (Rxd5) } 35.Qxd5+
{ [%eval 610,15] [%emt 0:00:52] (Qxd5) } 35...Qf7
{ [%eval -606,16] [%emt 0:01:48] (Qf7) } 36.Qxd2
{ [%eval 626,15] [%emt 0:00:53] (Qxd2) } 36...f4
{ [%eval -613,15] [%emt 0:05:02] (Kh7) } 37.exf4
{ [%eval 827,14] [%emt 0:00:54] (gxf4) } 37...gxf4
{ [%eval -653,12] [%emt 0:00:13] (gxf4) } 1-0

[Event "41st Amateur D7"]
[Site "ChessGUI4"]
[Date "2013.07.11"]
[Round "33.4"]
[White "Butcher 1.64 64-bit"]
[Black "ProChess 1.02AD"]
[Result "1-0"]
[BlackElo "2244"]
[ECO "B30"]
[EventDate "2013.??.??"]
[TimeControl "40/1500:40/1500:40/1500"]
[WhiteElo "2355"]

{ i5 Quad } 1.e4 c5 2.Nf3 Nc6 3.Nc3 e5 4.Bc4 Be7 5.d3 d6 6.O-O Nf6 7.Ng5 O-O 8.f4 Bg4 9.Qe1 h6 { [%eval 18,11] [%emt 0:00:44] (h6) } 10.Qg3
{ [%eval -17,10] [%emt 0:01:00] (Nf3) } 10...exf4
{ [%eval 46,12] [%emt 0:00:50] (exf4) } 11.Nxf7
{ [%eval -17,11] [%emt 0:00:52] (Nxf7) } 11...Rxf7
{ [%eval 53,12] [%emt 0:01:07] (Rxf7) } 12.Bxf7+
{ [%eval -10,11] [%emt 0:00:59] (Rxf4) } 12...Kxf7
{ [%eval 53,13] [%emt 0:01:03] (Kxf7) } 13.Bxf4
{ [%eval -13,12] [%emt 0:01: 05] (Bxf4) } 13...Be6
{ [%eval 51,12] [%emt 0:04:52] (Qd7) } 14.Nb5
{ [%eval 25,11] [%emt 0:00:53] (Be3) } 14...Nd4
{ [%eval 65,12] [%emt 0:00:49] (Qd7) } 15.Nxd4
{ [%eval 42,11] [%emt 0:00:54] (Nxd4) } 15...cxd4
{ [%eval 58,12] [%emt 0:00:31] (cxd4) } 16.e5
{ [%eval 0,12] [%emt 0:01:49] (Qf2) } 16...dxe5
{ [%eval 63,13] [%emt 0:01:16] (dxe5) } 17.Bxe5
{ [%eval 48,11] [%emt 0:00:58] (Bxe5) } 17...Qd5
{ [%eval 51,12] [%emt 0:06:51] (Rc8) } 18.Rae1
{ [%eval 69,11] [%emt 0:00:57] (Rae1) } 18...Rd8
{ [%eval 51,10] [%emt 0:00:15] (Rd8) } 19.Rf4
{ [%eval 12,10] [%emt 0:00:56] (Qf2) } 19...Bd6
{ [%eval 95,11] [%emt 0:00:22] (Bd6) } 20.Bxd6
{ [%eval 0,11] [%emt 0:00: 49] (Bxd6) } 20...Qxd6
{ [%eval 93,11] [%emt 0:00:26] (Qxd6) } 21.Qf2
{ [%eval 0,12] [%emt 0:00:47] (a4) } 21...Qb6
{ [%eval 91,10] [%emt 0:00:08] (Kg8) } 22.b3
{ [%eval 9, 11] [%emt 0:00:46] (b3) } 22...Ke7
{ [%eval 86,10] [%emt 0:00:25] (Kg6) } 23.Re5
{ [%eval 26,11] [%emt 0:00:45] (Rf5) } 23...Rd6
{ [%eval 90,9] [%emt 0:00:10] (Qc7) } 24.a4
{ [%eval -6,11] [%emt 0:00:41] (Qg3) } 24...Qc7
{ [%eval 90,10] [%emt 0:00:13] (Qc7) } 25.h3
{ [%eval 0,11] [%emt 0:00:45] (Qg3) } 25...Rd8
{ [%eval 93,10] [%emt 0:00:08] (Rd7) } 26.Re1
{ [%eval 0,12] [%emt 0:01:16] (Re1) } 26...Qc5
{ [%eval 90,10] [%emt 0: 00:09] (Qd6) } 27.c4
{ [%eval 39,11] [%emt 0:00:40] (Qg3) } 27...Rd6
{ [%eval 73,10] [%emt 0:00:14] (Qd6) } 28.Rf5
{ [%eval 63,12] [%emt 0:01:09] (Rf5) } 28...Qc6
{ [%eval 70,10] [%emt 0:00:06] (Qc6) } 29.Ra5
{ [%eval 63,11] [%emt 0:00:35] (b4) } 29...a6
{ [%eval 65,11] [%emt 0:00:08] (a6) } 30.b4
{ [%eval 46,11] [%emt 0:00:35] (b4) } 30...Qd7
{ [%eval 65,9] [%emt 0:00:09] (Kf7) } 31.Qe2
{ [%eval 79,11] [%emt 0: 00:34] (Rae5) } 31...Rc6
{ [%eval 68,10] [%emt 0:00:06] (Kf7) } 32.Re5
{ [%eval 111,12] [%emt 0:00:33] (Re5) } 32...b6
{ [%eval 63,12] [%emt 0:00:11] (b6) } 33.Qf2
{ [%eval 128,11] [%emt 0:00:26] (Qf2) } 33...Rd6
{ [%eval 61,11] [%emt 0:00:06] (Kf8) } 34.a5
{ [%eval 142,11] [%emt 0:00:25] (c5) } 34...Rc6
{ [%eval 0,12] [%emt 0:00:38] (bxa5) } 35.axb6
{ [%eval 163,11] [%emt 0:00:23] (axb6) } 35...Rxb6
{ [%eval -11,12] [%emt 0: 00:05] (Rxb6) } 36.c5
{ [%eval 165,11] [%emt 0:00:22] (c5) } 36...Rc6
{ [%eval -15,12] [%emt 0:00:04] (Rc6) } 37.Rf5
{ [%eval 164,11] [%emt 0:00:20] (Rf5) } 37...Rc8
{ [%eval -25,12] [%emt 0:00:18] (Kd8) } 38.Rf4
{ [%eval 190,11] [%emt 0:00:19] (Rf4) } 38...Rd8
{ [%eval -30,11] [%emt 0:00:09] (Rd8) } 39.Rc1
{ [%eval 191,10] [%emt 0:00:17] (Ra1) } 39...Qd5
{ [%eval -6,9] [%emt 0:00:04] (Qc6) } 40.Ra1
{ [%eval 190,10] [%emt 0:00:14] (Rc4) } 40...Qb3
{ [%eval -3,9] [%emt 0:00:03] (Qc6) } 41.Rxa6
{ [%eval 182,11] [%emt 0:00:49] (Rxa6) } 41...Qxb4
{ [%eval -28,11] [%emt 0:00:53] (Qxb4) } 42.Qe2
{ [%eval 191,12] [%emt 0:00:49] (Qe2) } 42...Qb3
{ [%eval -40,11] [%emt 0:00:47] (Qb3) } 43.Qe5
{ [%eval 222,11] [%emt 0:00:48] (Qe5) } 43...Kf7
{ [%eval -55,11] [%emt 0:01:40] (Kf7) } 44.Ra7+
{ [%eval 268,11] [%emt 0:00:47] (c6) } 44...Rd7
{ [%eval -61,12] [%emt 0:01:35] (Rd7) } 45.Qh5+
{ [%eval 241,11] [%emt 0:00:40] (Rxd7) } 45...Ke7
{ [%eval -90,13] [%emt 0:01:03] (Kg8) } 46.Qg6
{ [%eval 258, 12] [%emt 0:00:53] (Qg6) } 46...Rxa7
{ [%eval -132,12] [%emt 0:01:19] (Ne8) } 47.Qxg7+
{ [%eval 449,13] [%emt 0:00:47] (Qxg7) } 47...Ke8
{ [%eval -256,13] [%emt 0:01:20] (Ke8) } 48.Qxa7
{ [%eval 454,13] [%emt 0:00:50] (Qxa7) } 48...Qxd3
{ [%eval -260,13] [%emt 0:00:58] (Qxd3) } 49.Rxf6
{ [%eval 401,14] [%emt 0:00:51] (Rxf6) } 49...Qe3+
{ [%eval -270,14] [%emt 0:00:37] (Qe3) } 50.Rf2
{ [%eval 446,13] [%emt 0:00:50] (Rf2) } 50...d3
{ [%eval -330,13] [%emt 0:01:02] (d3) } 51.Qb8+
{ [%eval 512,13] [%emt 0:00:50] (Qb8) } 51...Kd7
{ [%eval -329,14] [%emt 0:00:24] (Kd7) } 52.Qd6+
{ [%eval 510,13] [%emt 0:00:49] (Qd6) } 52...Kc8
{ [%eval -320,14] [%emt 0:00:31] (Kc8) } 53.g4
{ [%eval 496,13] [%emt 0:00:48] (g4) } 53...Bd7
{ [%eval -315,13] [%emt 0:00:28] (Bd7) } 54.Kg2
{ [%eval 476,13] [%emt 0:00:38] (Kg2) } 54...Qe4+
{ [%eval -316,14] [%emt 0:00: 44] (Qe4) } 55.Kh2
{ [%eval 476,14] [%emt 0:00:41] (Kh2) } 55...Bc6
{ [%eval -316,13] [%emt 0:00:31] (Bc6) } 56.Rf8+
{ [%eval 467,13] [%emt 0:00:40] (Rf8) } 56...Be8
{ [%eval -356,14] [%emt 0:00:25] (Be8) } 57.Qa6+
{ [%eval 639,13] [%emt 0:00:40] (Qa6) } 57...Kc7
{ [%eval -349,14] [%emt 0:01:38] (Kc7) } 58.Qb6+
{ [%eval 540,12] [%emt 0:00:36] (Qb6) } 58...Kd7
{ [%eval -587,15] [%emt 0:03:42] (Kc8) } 59.Qb5+
{ [%eval 722,13] [%emt 0:00:39] (Qb5) } 59...Qc6
{ [%eval -628,15] [%emt 0:00:13] (Qc6) } 60.Qxd3+
{ [%eval 720,13] [%emt 0:00:39] (Qxc6) } 60...Ke7
{ [%eval -498,12] [%emt 0: 00:19] (Ke7) } 61.Rg8 Qc7+
{ [%eval -481,11] [%emt 0:00:10] (Qe6) } 1-0